 Dungeon Crawl Stone Soup version 0.21-a0-2-ge494091 (webtiles) character file.

25 nikopol the Skirmisher (level 3, -3/24 HPs)
             Began as a Gargoyle Berserker on May 21, 2017.
             Was a Believer of Trog.
             Slain by a kobold
             ... wielding a +0 whip
              (5 damage)
             ... on level 1 of the Dungeon.
             The game lasted 00:02:27 (618 turns).

nikopol the Skirmisher (Gargoyle Berserker)          Turns: 618, Time: 00:02:28

Health: -3/24      AC:  5    Str: 20    XL:     3   Next: 6%
Magic:  3/3        EV: 12    Int:  7    God:    Trog [**....]
Gold:   45         SH:  0    Dex: 10    Spells: 2/2 levels left

rFire    . . .     SeeInvis .   a - +0 hand axe
rCold    . . .     Gourm    .   (no shield)
rNeg     + . .     Faith    .   b - +0 animal skin
rPois    ∞         Spirit   .   (no helmet)
rElec    +         Reflect  .   (no cloak)
rCorr    .         Harm     .   (no gloves)
MR       .....                  (no boots)
Stlth    +.........             (no amulet)
Regen    0.1/turn               (no ring)
MPRegen  0.1/turn               (no ring)

@: no status effects
A: negative energy resistance 1, electricity resistance, unbreathing,
petrification resistance, rot immunity, AC +3
a: Berserk, Trog's Hand, Burn Spellbooks, Renounce Religion


You were on level 1 of the Dungeon.
You worshipped Trog.
Trog was pleased with you.
You were not hungry.

You visited 1 branch of the dungeon, and saw 1 of its levels.

You collected 45 gold pieces.

Inventory:

Hand Weapons
 a - a +0 hand axe (weapon)
Armour
 b - a +0 animal skin (worn)
Potions
 e - 2 potions of lignification {unknown}
 f - a potion of might {unknown}
Comestibles
 c - a bread ration
 d - 5 chunks of flesh


   Skills:
 + Level 3.8 Fighting
 + Level 3.0 Axes
 + Level 2.2 Armour
 + Level 1.9 Dodging


You had 2 spell levels left.
You didn't know any spells.

Dungeon Overview and Level Annotations

Branches:
Dungeon (1/15)

Altars:


Innate Abilities, Weirdness & Mutations

You are resistant to torment.
Your stone body is resilient. (AC +3)
You are immune to poison.
You resist negative energy. (rN+)
You are resistant to electric shocks. (rElec)
You can survive without breathing.
You are immune to petrification.
You are immune to rotting.


Message History

You completely miss the goblin. You barely miss the kobold.
The goblin hits you. The kobold hits you with a whip.
* * * LOW HITPOINT WARNING * * *
You hit the goblin.
You kill the goblin!
Trog accepts your kill.
You closely miss the kobold. The kobold hits you with a whip.
* * * LOW HITPOINT WARNING * * *
You closely miss the kobold. The kobold barely misses you.
You miss the kobold. The kobold misses you.
The kobold hits you but does no damage.
You hit the kobold but do no damage. The kobold hits you with a whip.
* * * LOW HITPOINT WARNING * * *
You barely miss the kobold. The kobold hits you but does no damage.
You miss the kobold. The kobold hits you with a whip.
* * * LOW HITPOINT WARNING * * *
You barely miss the kobold. The kobold misses you.
You hit the kobold but do no damage. The kobold barely misses you.
You closely miss the kobold. The kobold hits you with a whip.
You die...

#. .# #. ..... ..(# ####
## #.#.# #.#.. ...#
#######............
...###...##.#.#.#.#.#g#
...'(.....#..........$
...###....# #.#†#K#.#
..(# #....# #..@)..#
...###....#####)††#.##
...'..........(.....>....
...###..............#....
...# #############.......
...# ..### ...# .... ####
...## # ....


You could see a kobold.

Vanquished Creatures
  An ooze (D:1)
  A leopard gecko (D:1)
  2 giant cockroaches (D:1)
  4 goblins (D:1)
  2 hobgoblins (D:1)
  2 jackals (D:1)
  A kobold (D:1)
  3 bats (D:1)
  2 frilled lizards (D:1)
  2 rats (D:1)
20 creatures vanquished.

Notes
Turn   | Place    | Note
-------+----------+-------------------------------------------
     0 | D:1      | nikopol the Gargoyle Berserker began the quest for the Orb.
     0 | D:1      | Reached XP level 1. HP: 14/14 MP: 1/1
   219 | D:1      | Reached XP level 2. HP: 20/20 MP: 2/2
   603 | D:1      | Reached XP level 3. HP: 17/24 MP: 3/3
   606 | D:1      | Reached ** piety under Trog
   615 | D:1      | HP: 1/24 [kobold/whip (2)]
   618 | D:1      | Slain by a kobold

Vault maps used:
D:1:      dpeg_arrival_circle_labyrinth_c, st_stairs_10

Skill      XL: |  1  2 |
---------------+-------+-----
Axes           | 3 |  3.0
Fighting       | |  3.8
Armour         | |  2.2
Dodging        | |  1.9

Action                   || total
-------------------------++-------
Melee: Hand axe          ||    80
Armor: Animal skin       ||    28
Dodge: Dodged            ||    49
